 Dungeon Crawl Stone Soup version 0.29-a0-834-g1e95ca9f62 (console) character file.

Game seed: 17689070308314101102

8338 capslocke the Reanimator (level 11, 0/75 HPs)
             Began as a Demonspawn Necromancer on July 13, 2022.
             Was a Follower of Dithmenos.
             Slain by a red ugly thing (2 damage)
             ... on level 10 of the Dungeon.
             The game lasted 00:58:04 (11260 turns).

capslocke the Reanimator (Demonspawn Necromancer)  Turns: 11260, Time: 00:58:04

Health: 0/75       AC:  9    Str:  8    XL:     11   Next: 8%
Magic:  27/34      EV: 13    Int: 21    God:    Dithmenos [*.....]
Gold:   472        SH:  0    Dex: 14    Spells: 19/31 levels left

rFire   . . .      SeeInvis .   t - staff of death
rCold   . . .      Faith    .   (no shield)
rNeg    + + .      Spirit   .   Q - +2 steam dragon scales
rPois   .          Reflect  .   C - +0 helmet
rElec   .          Harm     .   R - scarf {+Inv}
rCorr   .          Rampage  .   (gloves unavailable)
Will    .....                   (no boots)
Stlth   ++........              (no amulet)
HPRegen 0.22/turn               i - ring of positive energy
MPRegen 0.24/turn               S - ring of magical power

@: mighty, animating dead, wreathed by umbra
A: ignite blood 2, powered by pain 2, sharp scales 1, demonic touch 3
a: Renounce Religion, Evoke Invisibility


You were on level 10 of the Dungeon.
You worshipped Dithmenos.
Dithmenos was aware of your devotion.
You visited 2 branches of the dungeon, and saw 11 of its levels.

You collected 472 gold pieces.

Inventory:

Hand Weapons
 f - a +0 rapier
Missiles
 l - 2 boomerangs
 v - 2 silver javelins
 z - 5 atropa-tipped darts
 K - 3 silver boomerangs
Armour
 a - a +0 robe
 c - a +0 pair of gloves
 C - a +0 helmet (worn)
 H - a +0 ring mail of poison resistance
 P - a +0 cloak
 Q - +2 steam dragon scales (worn)
 R - a scarf of invisibility (worn)
Magical Staves
 t - a staff of death (weapon)
 w - a staff of air
Jewellery
 i - a ring of positive energy (left hand)
 J - a ring of flight
 S - a ring of magical power (right hand)
Wands
 x - a wand of flame (10)
 D - a wand of roots (24)
 T - a wand of polymorph (2)
 U - a wand of paralysis (7)
Scrolls
 d - a scroll of brand weapon {unknown}
 g - 2 scrolls of noise {unknown}
 h - a scroll of fear {unknown}
 j - 3 scrolls of vulnerability {unknown}
 k - 2 scrolls of fog
 p - a scroll of torment {unknown}
 q - 3 scrolls of teleportation
 y - a scroll of acquirement {unknown}
 B - 2 scrolls of amnesia {unknown}
 G - a scroll of blinking {unknown}
 M - a scroll of immolation {unknown}
 O - 3 scrolls of poison
 V - 4 scrolls of identify
Potions
 b - 2 potions of magic
 e - 2 potions of mutation
 m - a potion of haste
 n - 4 potions of curing
 o - 3 potions of cancellation
 r - 2 potions of attraction {unknown}
 s - 2 potions of brilliance
 u - 2 potions of resistance
 A - a potion of degeneration {unknown}
 E - 3 potions of ambrosia
 F - a potion of might {unknown}
 I - 3 potions of flight
 L - 3 potions of lignification
 N - a potion of heal wounds {unknown}


   Skills:
 + Level 3.4 Fighting
 + Level 4.9 Staves
 + Level 4.2 Dodging
 - Level 1.7 Stealth
 + Level 0.2 Unarmed Combat
 + Level 10.5 Spellcasting
 + Level 11.9 Necromancy
 + Level 1.8 Evocations


You had 19 spell levels left.
You knew the following spells:

 Your Spells              Type           Power      Damage    Failure   Level
a - Necrotise             Necr           100%       1d9       1%          1
b - Vampiric Draining     Necr           75%        2d11      1%          3
c - Animate Dead          Necr           75%        N/A       1%          4
d - Dispel Undead         Necr           75%        3d25      1%          4

Your spell library contained the following spells:

 Spells                   Type           Power      Damage    Failure   Level
 Agony                    Necr           75%        N/A       1%          5
 Beastly Appendage        Tmut           22%        N/A       6%          1
 Slow                     Hex            44%        N/A       6%          1
 Sting                    Tmut/Pois      44%        1d5       6%          1
 Poisonous Vapours        Pois/Air       22%        N/A       10%         2
 Static Discharge         Conj/Air       11%        3-5/arc   10%         2
 Wereblood                Tmut           11%        N/A       10%         2
 Confusing Touch          Hex            11%        N/A       19%         3
 Frozen Ramparts          Ice            22%        1d4       19%         3
 Gell's Gravitas          Tloc           11%        N/A       19%         3
 Inner Flame              Hex/Fire       11%        N/A       19%         3
 Lesser Beckoning         Tloc           11%        N/A       19%         3
 Portal Projectile        Hex/Tloc       22%        N/A       19%         3
 Spider Form              Tmut/Pois      11%        N/A       19%         3
 Teleport Other           Tloc           11%        N/A       19%         3
 Tukima's Dance           Hex            11%        N/A       19%         3
 Ice Form                 Ice/Tmut       11%        N/A       52%         4
 Olgreb's Toxic Radiance  Pois           11%        N/A       52%         4
 Sticky Flame             Conj/Fire      11%        2d3       52%         4
 Summon Ice Beast         Ice/Summ       11%        N/A       52%         4
 Blade Hands              Tmut           5%         N/A       86%         5
 Haunt                    Necr/Summ      26%        N/A       99%         7


Dungeon Overview and Level Annotations

Branches:
Dungeon (10/15)            Temple (1/1) D:7
   Lair: D:8-11         Orc: D:9-12

Altars:
Ashenzari
Cheibriados
Dithmenos
Fedhas
Gozag
Hepliaklqana
Kikubaaqudgha
Makhleb
Nemelex Xobeh
Okawaru
Qazlal
Ru
Sif Muna
Trog
Uskayaw
Vehumet
Wu Jian
Xom
Yredelemnul


Innate Abilities, Weirdness & Mutations

Your demonic aura often causes spilled blood to erupt in flames.
You sometimes gain power by taking damage.
You are partially covered in razor-sharp scales. (AC +1, Slay +1)
Your touch may irresistibly damage your foes and sap their willpower.


Message History

The deep elf pyromancer hits you but does no damage.
Casting: Necrotise (safe; 1% risk of failure)
Confirm with . or Enter, or press ? or * to list all spells.
Aiming: Vampiric Draining (safe; 1% risk of failure)
Press: ? - help, Shift-Dir - straight line, f/p - deep elf pyromancer
Aim: a deep elf pyromancer, wielding a +0 short sword (moderately wounded, umbra)
You feel a surge of power!
You draw life force from the deep elf pyromancer!
You feel life coursing into your body.
The red ugly thing headbutts you but does no damage.
The deep elf pyromancer mumbles some strange words.
The deep elf pyromancer blinks!
Casting: Vampiric Draining (safe; 1% risk of failure)
Confirm with . or Enter, or press ? or * to list all spells.
Aiming: Vampiric Draining (safe; 1% risk of failure)
Press: ? - help, Shift-Dir - straight line, f - red ugly thing
Aim: a red ugly thing (umbra)
You feel a surge of power!
You draw life force from the red ugly thing!
You feel life coursing into your body. The red ugly thing headbutts you!
You are engulfed in flames!!
The culicivora bites you but does no damage.
Press: ? - help, v - describe, . - travel The floor, spattered with blood.
This square is wreathed by an umbra.
There is a cloud of flame here.
As you read the scroll of fog, it crumbles to dust.
The scroll dissolves into smoke.
The culicivora completely misses you.
The red ugly thing completely misses you.
You hit something but do no damage. Your touch misses something.
The culicivora bites you but does no damage.
The shadow strikes at you from the darkness!
* * * LOW HITPOINT WARNING * * *
You focus on the pain.
You feel very mighty all of a sudden.
Reactivating autopickup.
The culicivora bites you.
* * * LOW HITPOINT WARNING * * *
The red ugly thing headbutts you.
You die...

#.............
..######..........####>
.......<...............
##########............#
..?....###.........
!......###.........
##......$..§.......
#......§##W........
..?....§s@§§.......
.......§u##..###!#.
#......§. ...?...#
.....## #.####.# .....
.. $.e. .e ...


Bu. #.. You could see a red ugly thing, a culicivora and a shadow.

Vanquished Creatures
  Gastronok (D:8)
  An ugly thing (D:9)
  Maurice (D:8)
  Maggie (D:7)
  2 hornets
  Grinder (D:6)
  A shadow (D:9)
  14 yaks
  A wraith (D:9)
  A wyvern (D:9)
  Eustachio (D:5)
  2 steam dragons (D:7)
  2 water moccasins
  An orc warrior (D:8)
  2 black bears
  3 sky beasts
  A centaur (D:8)
  A kobold brigand (D:7)
  A bullfrog (D:7)
  2 scorpions
  A water moccasin zombie (D:5)
  6 wights
  A water moccasin skeleton (D:5)
  2 yak zombies
  4 howler monkeys
  A jelly (D:8)
  3 centaur zombies (D:5)
  2 centaur skeletons (D:5)
  2 gnoll boudas
  3 hounds
  A bullfrog skeleton (D:5)
  An iguana (D:6)
  2 orc wizards
  Terence (D:3)
  2 hound zombies (D:5)
  A howler monkey zombie (D:5)
  Robin (D:2)
  7 gnolls
  10 adders
  An ufetubus (D:6)
  3 worms
  5 dart slugs
  13 orcs
  8 ball pythons
  2 endoplasms
  3 giant cockroaches
  16 goblins
  13 hobgoblins
  8 jackals
  12 kobolds
  5 bats
  3 frilled lizards
  A gnoll zombie (D:7)
  4 rats
188 creatures vanquished.

Vanquished Creatures (collateral kills)
  Menkaure (D:7)
  A necrophage (D:7)
  A scorpion (D:6)
  A centaur zombie (D:5)
  Crazy Yiuf (D:6)
  An adder (D:3)
  A gnoll (D:7)
  A shadow imp (D:6)
  2 orcs
  An endoplasm (D:4)
  A frilled lizard (D:2)
  A kobold (D:7)
13 creatures vanquished.

Vanquished Creatures (others)
  2 yak zombies (D:8)
  A bullfrog zombie (D:7)
  4 gnoll zombies
  A ball python zombie (D:3)
  A dart slug zombie (D:3)
  3 kobold zombies (D:7)
  An orc zombie (D:9)
  A fungus (D:10)
  6 plants (D:3)
  2 withered plants (D:5)
22 creatures vanquished.

Grand Total: 223 creatures vanquished

Notes
Turn   | Place    | Note
-------+----------+-------------------------------------------
     0 | D:1      | capslocke the Demonspawn Necromancer began the quest for
                  | the Orb.
     0 | D:1      | Reached XP level 1. HP: 13/13 MP: 3/3
   471 | D:1      | Gained mutation: You sometimes gain a little power by
                  | taking damage. [demonic ancestry]
   471 | D:1      | Reached XP level 2. HP: 19/19 MP: 1/5
  1013 | D:2      | Noticed Robin
  1017 | D:2      | Reached skill level 5 in Necromancy
  1303 | D:2      | Gained mutation: Your touch may inflict minor irresistible
                  | damage on your foes. [demonic ancestry]
  1303 | D:2      | Reached XP level 3. HP: 11/24 MP: 0/6
  1503 | D:2      | Killed Robin
  1965 | D:2      | Reached XP level 4. HP: 29/31 MP: 2/8
  2392 | D:3      | Learned a level 3 spell: Vampiric Draining
  2397 | D:3      | Learned a level 4 spell: Animate Dead
  2570 | D:3      | Noticed Terence
  2585 | D:3      | Killed Terence
  2684 | D:3      | Found a faded altar of an unknown god.
  2993 | D:3      | Noticed a black bear
  2999 | D:3      | Killed a black bear
  3000 | D:3      | Reached skill level 6 in Necromancy
  3000 | D:3      | Gained mutation: Your demonic aura sometimes causes spilled
                  | blood to erupt in flames. [demonic ancestry]
  3000 | D:3      | Reached XP level 5. HP: 24/36 MP: 0/11
  3491 | D:3      | Gained mutation: Your touch may inflict irresistible damage
                  | on your foes. [demonic ancestry]
  3491 | D:3      | Reached XP level 6. HP: 42/42 MP: 8/12
  4424 | D:4      | Reached skill level 5 in Spellcasting
  4889 | D:5      | Entered Level 5 of the Dungeon
  5018 | D:5      | Gained mutation: You are partially covered in razor-sharp
                  | scales. (AC +1, Slay +1) [demonic ancestry]
  5018 | D:5      | Reached XP level 7. HP: 40/47 MP: 11/14
  5173 | D:5      | Reached skill level 7 in Necromancy
  5517 | D:5      | Reached skill level 1 in Fighting
  5517 | D:5      | Reached skill level 1 in Staves
  5850 | D:5      | Noticed Eustachio
  5860 | D:5      | Killed Eustachio
  5861 | D:5      | Gained mutation: You sometimes gain power by taking damage.
                  | [demonic ancestry]
  5861 | D:5      | Reached XP level 8. HP: 49/54 MP: 7/17
  6281 | D:6      | Found a basalt altar of Yredelemnul.
  6281 | D:6      | Found a sacrificial altar of Ru.
  6319 | D:6      | Found an opulent altar of Gozag.
  6416 | D:6      | Noticed a hornet
  6421 | D:6      | Noticed Grinder
  6427 | D:6      | Killed a hornet
  6428 | D:6      | Reached skill level 8 in Necromancy
  6431 | D:6      | Killed Grinder
  6574 | D:6      | Learned a level 4 spell: Dispel Undead
  6797 | D:6      | Found a bloodstained altar of Trog.
  6872 | D:6      | Found a runed translucent door.
  6873 | D:6      | Noticed Crazy Yiuf
  6879 | D:6      | Killed Crazy Yiuf
  7040 | D:6      | Found a shimmering blue altar of Sif Muna.
  7166 | D:7      | Reached XP level 9. HP: 26/61 MP: 2/20
  7173 | D:7      | Reached skill level 9 in Necromancy
  7358 | D:7      | Noticed Menkaure
  7372 | D:7      | Killed Menkaure
  7615 | D:7      | Found a staircase to the Ecumenical Temple.
  7622 | Temple   | Entered the Ecumenical Temple
  7849 | Temple   | Became a worshipper of Dithmenos the Shadowed
  7912 | D:7      | Noticed Maggie
  7920 | D:7      | Killed Maggie
  9046 | D:8      | Reached skill level 10 in Necromancy
  9175 | D:8      | Got the Compilation of Friendly Ignition
  9553 | D:8      | Noticed Maurice
  9597 | D:8      | Killed Maurice
  9598 | D:8      | Reached skill level 1 in Evocations
  9598 | D:8      | Gained mutation: Your demonic aura often causes spilled
                  | blood to erupt in flames. [demonic ancestry]
  9598 | D:8      | Reached XP level 10. HP: 67/68 MP: 13/23
 10050 | D:8      | Noticed Gastronok
 10066 | D:8      | Killed Gastronok
 10067 | D:8      | Reached skill level 11 in Necromancy
 10148 | D:8      | Paralysed by a hornet for 3 turns
 10601 | D:9      | Found a hide-covered altar of Uskayaw.
 10698 | D:9      | Reached skill level 10 in Spellcasting
 10731 | D:9      | Reached * piety under Dithmenos
 10743 | D:9      | Noticed a purple ugly thing
 10756 | D:9      | Killed a purple ugly thing
 10796 | D:9      | Gained mutation: Your touch may irresistibly damage your
                  | foes and sap their willpower. [demonic ancestry]
 10796 | D:9      | Reached XP level 11. HP: 53/75 MP: 24/25
 11235 | D:10     | Entered Level 10 of the Dungeon
 11246 | D:10     | Noticed a red ugly thing
 11246 | D:10     | Noticed a rakshasa
 11247 | D:10     | Noticed a deep elf pyromancer
 11247 | D:10     | Noticed a boulder beetle
 11260 | D:10     | HP: 3/75 [something (22)]
 11260 | D:10     | Slain by a red ugly thing

Illustrated notes

Levels and vault maps discovered:
D:1:      heliophobic_arrival_battle_scene, layout_loops_ring,
          nicolae_figureground_pulse
D:2:      layout_rooms, uniq_robin
D:3:      layout_loops_ring, shapermc_ecumenical_altar_petra,
          grunt_decor_clamped, serial_bayou_pond_a, uniq_terence
D:4:      layout_basic, minmay_unequal
D:5:      layout_loops_ring, serial_undead, serial_undead_c, serial_undead_b,
          serial_undead_f, serial_undead_a, uniq_eustachio
D:6:      layout_cave_pools, mainiacjoe_overflow_surrounded_room,
          nicolae_overflow_quartered_altars, lemuel_blue_sif_altar,
          uniq_crazy_yiuf_cottage, uniq_grinder
D:7:      layout_basic, minmay_temple_entry_wispy, uniq_menkaure, uniq_maggie
D:8:      layout_gridville, enter_bailey_3, nicolae_fountain_basement,
          uniq_maurice, uniq_gastronok
D:9:      layout_rooms, kennysheep_little_box
D:10:     layout_rooms, due_lair_maze_entry_diamond, orc_0_dummy, minivault_28
Temple:   regret_index_temple_generic_petals

Skill      XL: |  1  2  3  4  5  6  7  8  9 10 |
---------------+-------------------------------+-----
Necromancy     | 5 6 7 8 10 11 | 11.9
Spellcasting   | 4 5 6 7 9 10 | 10.5
Dodging        | 2 3 4 |  4.2
Fighting       | 1 2 3 |  3.4
Staves         | 1 3 4 |  4.9
Evocations     | 1 |  1.8
Stealth        | |  1.7
Unarmed Combat | |  0.2

Action                   |  1- 3 |  4- 6 |  7- 9 | 10-12 || total
-------------------------+-------+-------+-------+-------++-------
Melee: Unarmed           |     6 |       |     4 |       ||    10
       Rapier            |    19 |       |       |       ||    19
       Staff             |     5 |    31 |   181 |    75 ||   292
       Touch             |     2 |     6 |    45 |    18 ||    71
       Punch             |       |       |     4 |     1 ||     5
Throw: Boomerang         |     2 |       |     2 |       ||     4
 Cast: Necrotise         |    64 |    97 |    66 |    29 ||   256
       Vampiric Draining |       |     6 |    29 |    16 ||    51
       Animate Dead      |       |     2 |     3 |     4 ||     9
       Dispel Undead     |       |       |     6 |     2 ||     8
Evoke: Wand              |       |     6 |    19 |       ||    25
  Use: Potion            |       |     2 |       |     1 ||     3
       Scroll            |       |       |    12 |     2 ||    14
 Stab: Distracted        |       |     1 |     1 |       ||     2
       Sleeping          |       |       |     2 |     1 ||     3
Armor: Robe              |    15 |    12 |    30 |       ||    57
       Ring mail         |       |       |    78 |       ||    78
       Steam dragon scal |       |       |    18 |    26 ||    44
       Skin              |       |       |     2 |       ||     2
Dodge: Dodged            |    46 |    44 |   181 |    55 ||   326

Table legend: (Time is in decaauts)
 A = Elapsed time spent in this place.
 B = Non-inter-level travel time spent in this place.
 C = Inter-level travel time spent in this place.
 D = Time resting spent in this place.
 E = Time spent auto-exploring this place.
 F = Levels seen in this place.
 G = Mean time per level.
                   A        B        C        D        E       F      G
               +--------+--------+--------+--------+--------+-----+--------+
         Total |  11292 |  10876 |    416 |   3094 |   6246 |  11 | 1026.5 |
       Dungeon |  11033 |  10676 |    357 |   3094 |   6050 |  10 | 1103.3 |
        Temple |    258 |    199 |     59 |      0 |    196 |   1 |  258.0 |
               +--------+--------+--------+--------+--------+-----+--------+

Top non-repeatable levels by time:
     D:7: 1740 daAuts
     D:1: 1524 daAuts
     D:3: 1512 daAuts
     D:8: 1452 daAuts
     D:5: 1336 daAuts
     D:4: 1000 daAuts
     D:6: 867 daAuts
     D:2: 863 daAuts
     D:9: 711 daAuts
  Temple: 258 daAuts
    D:10: 24 daAuts
